 Dungeon Crawl Stone Soup version 0.21-a0-331-gfb491b4 (webtiles) character file.

1771 Teflin the Cruncher (level 8, -6/60 HPs)
             Began as a Mummy Gladiator on Oct 2, 2017.
             Mangled by a gnoll
             ... wielding a +0 flail
              (10 damage)
             ... on level 6 of the Dungeon.
             The game lasted 00:08:45 (6527 turns).

Teflin the Cruncher (Mummy Gladiator)               Turns: 6527, Time: 00:08:45

Health: -6/60      AC:  5    Str: 25    XL:     8   Next: 80%
Magic:  8/8        EV: 13    Int:  7    God:
Gold:   412        SH:  0    Dex: 15    Spells: 7/7 levels left

rFire    x . .     SeeInvis .   a - +1 quarterstaff
rCold    + + .     Gourm    .   (shield currently unavailable)
rNeg     + + +     Faith    .   d - +0 leather armour "Nyt Kiyd" {rC+ Str+7} (curse)
rPois    ∞         Spirit   .   c - +0 helmet
rElec    .         Reflect  .   (no cloak)
rCorr    .         Harm     .   (no gloves)
MR       +....                  p - +0 pair of boots
Stlth    +.........             m - amulet of rage (curse)
HPRegen  0.20/turn              (no ring)
MPRegen  0.11/turn              (no ring)

@: no status effects
A: no food or potions, fire vulnerability, cold resistance 1, negative energy
resistance 3, torment resistance, unbreathing
a: no special abilities


You were on level 6 of the Dungeon.
You were not hungry.

You visited 1 branch of the dungeon, and saw 7 of its levels.

You collected 412 gold pieces.

Inventory:

Hand Weapons
 a - a +1 quarterstaff (weapon)
Missiles
 h - 10 tomahawks (quivered)
Armour
 c - a +0 helmet (worn)
 d - the cursed +0 leather armour "Nyt Kiyd" (worn) {rC+ Str+7}
   (You found it on level 5 of the Dungeon)

   It affects your strength (+7).
   It protects you from cold.
   It has a curse placed upon it.
 k - a +0 chain mail
 p - a +0 pair of boots (worn)
 r - a +0 plate armour
Magical Staves
 t - an uncursed staff of fire
Jewellery
 b - a cursed ring of teleportation {unknown}
 m - a cursed amulet of rage (around neck)
 u - an uncursed ring of protection from fire {unknown}
Scrolls
 e - 3 scrolls of teleportation
 f - a scroll of amnesia
 g - 8 scrolls of identify
 i - 3 scrolls of immolation {unknown}
 j - a scroll of remove curse
 l - a scroll of enchant weapon
 n - a scroll of fear {unknown}
 o - 2 scrolls of magic mapping {unknown}
 q - 2 scrolls of recharging
 s - 2 scrolls of blinking {unknown}
Books
 v - a book of Air

   Spells                             Type                      Level
   a - Shock                          Conjuration/Air              1
   b - Swiftness                      Charms/Air                   2
   c - Static Discharge               Conjuration/Air              3
   d - Airstrike                      Air                          4
   e - Lightning Bolt                 Conjuration/Air              5


   Skills:
 + Level 3.8 Fighting
 * Level 8.8 Staves
 - Level 1.5 Throwing
 + Level 3.2 Armour
 + Level 2.5 Dodging


You had 7 spell levels left.
You didn't know any spells.

Dungeon Overview and Level Annotations

Branches:
Dungeon (7/15)             Temple (0/1) D:7

Altars:
Dithmenos
Elyvilon
Hepliaklqana
Makhleb
Nemelex Xobeh
Okawaru
Qazlal
Ru
Trog
Uskayaw
Vehumet
Zin


Innate Abilities, Weirdness & Mutations

You do not eat or drink.
Your flesh is vulnerable to fire.
You are immune to poison.
Your flesh is cold resistant. (rC+)
You are immune to negative energy. (rN+++)
You are immune to unholy pain and torment.
You can survive without breathing.


Message History

The gnoll hits you but does no damage.
The gnoll sergeant hits you from afar with a spear.
* * * LOW HITPOINT WARNING * * *
The gnoll closely misses you.
You hit the howler monkey zombie.
You destroy the howler monkey zombie!
The gnoll closely misses you.
The gnoll sergeant hits you from afar with a spear.
* * * LOW HITPOINT WARNING * * *
The gnoll misses you.
There is a stone staircase leading up here.
The gnoll barely misses you.
The gnoll sergeant hits you from afar with a spear.
* * * LOW HITPOINT WARNING * * *
You climb upwards.
There is a stone staircase leading down here.
You sock the gnoll!
The gnoll is heavily wounded.
The gnoll hits you with a flail!
You die...

#.###....#.# #.÷.........###...
........#..#####....#....#.##....
..........###............#.#....#
..........###.#...#....#.#.#.#.##
........#........##...#......#.#
........#........##........###.#
........#.............#....#...#
........#..##....#...#..####.###
..<........#...#@g...........#
.............#.#.............##
...#.#....>###.#..............#
..#.....######................#
.#...#...##.......[...........#
.(..........##.............[..#
....÷......##.................#
...÷....!>###..##............##
..............##............##


You could see a gnoll.

Vanquished Creatures
  Grinder (D:4)
  An orc warrior (D:4)
  An ogre (D:5)
  3 phantoms
  A big kobold (D:7)
  A bullfrog (D:6)
  2 scorpions
  3 wights (D:7)
  A howler monkey (D:5)
  2 crimson imps
  A bullfrog zombie (D:5)
  A centaur zombie (D:7)
  A hound (D:6)
  2 orc wizards (D:5)
  2 centaur skeletons
  2 iguanas
  5 worker ants
  A hound skeleton (D:3)
  Robin (D:3)
  A howler monkey zombie (D:7)
  A gnoll (D:7)
  8 adders
  2 oozes
  An adder zombie (D:6)
  An adder skeleton (D:5)
  A dart slug (D:3)
  8 leopard geckos
  20 orcs
  2 ball pythons
  10 bats
  3 giant cockroaches
  15 goblins
  7 hobgoblins
  16 jackals
  6 quokkas
  7 frilled lizards
  A giant cockroach zombie (D:6)
  A jackal zombie (D:7)
  18 kobolds
  16 rats
177 creatures vanquished.

Notes
Turn   | Place    | Note
-------+----------+-------------------------------------------
     0 | D:1      | Teflin the Mummy Gladiator began the quest for the Orb.
     0 | D:1      | Reached XP level 1. HP: 16/16 MP: 1/1
   365 | D:1      | Reached skill level 3 in Staves
   365 | D:1      | Reached XP level 2. HP: 22/22 MP: 2/2
   492 | D:1      | Reached XP level 3. HP: 3/27 MP: 3/3
  1321 | D:2      | Reached skill level 4 in Staves
  1337 | D:2      | Found a sparkling altar of Nemelex Xobeh.
  1354 | D:2      | Reached XP level 4. HP: 29/33 MP: 4/4
  1550 | D:2      | Found an iron altar of Okawaru.
  1768 | D:2      | Noticed a phantom
  1833 | D:2      | Killed a phantom
  1833 | D:2      | Reached skill level 5 in Staves
  1833 | D:2      | Reached XP level 5. HP: 25/38 MP: 5/5
  2656 | D:3      | Noticed Robin
  2682 | D:3      | Killed Robin
  2691 | D:3      | Reached XP level 6. HP: 27/44 MP: 6/6
  2875 | D:3      | Found a shadowy altar of Dithmenos.
  2877 | D:3      | Found a radiant altar of Vehumet.
  2881 | D:3      | Found a hide-covered altar of Uskayaw.
  2881 | D:3      | Found a glowing silver altar of Zin.
  3268 | D:4      | Reached skill level 6 in Staves
  3576 | D:4      | Found a white marble altar of Elyvilon.
  3576 | D:4      | Found a hazy altar of Hepliaklqana.
  3577 | D:4      | Found a bloodstained altar of Trog.
  3577 | D:4      | Found a sacrificial altar of Ru.
  3577 | D:4      | Found a stormy altar of Qazlal.
  3634 | D:4      | Reached skill level 1 in Armour
  3634 | D:4      | Reached XP level 7. HP: 15/51 MP: 7/7
  4020 | D:4      | Noticed Grinder
  4029 | D:4      | Killed Grinder
  4029 | D:4      | Reached skill level 7 in Staves
  4319 | D:5      | Entered Level 5 of the Dungeon
  4609 | D:5      | Reached XP level 8. HP: 42/58 MP: 8/8
  5217 | D:5      | Got a steaming leather armour
  5228 | D:5      | Identified the cursed +0 leather armour "Nyt Kiyd" {rC+ Str+7} (You found it on level 5 of the Dungeon)
  5426 | D:6      | Reached skill level 8 in Staves
  6403 | D:7      | Found a staircase to the Ecumenical Temple.
  6442 | D:7      | Found a burning altar of Makhleb.
  6527 | D:6      | Mangled by a gnoll

Vault maps used:
D:1:      ncdulo_watergridlock, serial_glass, glass_columns_b, glass_columns_c
D:2:      cheibrodos_old_hovel, okawaru_metal_pillars_1_2, marbit_many_paths,
          minmay_pentomino_x2
D:3:      chequers_temple_overflow_statue_of_worship, uniq_robin
D:4:      grunt_temple_overflow_open, first_bread, kennysheep_nub, uniq_grinder
D:7:      minmay_temple_entry_statues, serial_shops, shop, basic_altar

Skill      XL: |  1  2  3  4  5  6  7  8 |
---------------+-------------------------+-----
Staves         | 3 4 5 6 7 8 |  8.8
Armour         | 1 2 3 |  3.2
Fighting       | 3 |  3.8
Throwing       | |  1.5
Dodging        | |  2.5

Action                   |  1- 3 |  4- 6 |  7- 9 || total
-------------------------+-------+-------+-------++-------
Melee: Quarterstaff      |   118 |   362 |   264 ||   744
Throw: Throwing net      |     3 |     1 |     2 ||     6
       Tomahawk          |       |     2 |     1 ||     3
  Use: Scroll            |       |     5 |       ||     5
 Stab: Held in net/web   |       |       |     3 ||     3
Armor: Leather armour    |    57 |       |    22 ||    79
       Chain mail        |    23 |   213 |       ||   236
       Plate armour      |       |    23 |    64 ||    87
       Scale mail        |       |     1 |       ||     1
Dodge: Dodged            |   152 |   169 |   116 ||   437

Table legend:
 A = Spawn XP
 B = Non-spawn XP
 C = Spawn XP percentage of total XP
 D = Spawn monster count
 E = Non-spawn monster count
 F = Spawn count percentage of total count
 G = Total turns spent on level
                    A         B        C        D         E        F      G
               +---------+---------+-------+---------+---------+-------+---------
         Total |       0 |    2530 |   0.0 |       0 |     177 |   0.0 |  6527
               +---------+---------+-------+---------+---------+-------+---------
           D:1 |       0 |      60 |   0.0 |       0 |      33 |   0.0 |  1311
           D:2 |       0 |     215 |   0.0 |       0 |      28 |   0.0 |   934
           D:3 |       0 |     155 |   0.0 |       0 |      47 |   0.0 |   918
           D:4 |       0 |     817 |   0.0 |       0 |      23 |   0.0 |  1156
           D:5 |       0 |     563 |   0.0 |       0 |      19 |   0.0 |   998
           D:6 |       0 |     260 |   0.0 |       0 |       7 |   0.0 |   443
           D:7 |       0 |     460 |   0.0 |       0 |      20 |   0.0 |   767
               +---------+---------+-------+---------+---------+-------+---------
